 Dungeon Crawl Stone Soup version 0.28.0-47-ge53b351184 (webtiles) character file.

Game seed: 8581704887388870902

39 hawla the Ducker (level 3, 0/17 HPs)
             Began as a Felid Monk on May 7, 2022.
             Was a Follower of Uskayaw.
             Slain by Ijyb
             ... wielding a +5 club
              (3 damage)
             ... on level 3 of the Dungeon.
             The game lasted 00:03:36 (2195 turns).

hawla the Ducker (Felid Monk)                       Turns: 2195, Time: 00:03:37

Health: 0/17       AC:  0    Str:  7    XL:     3   Next: 26%
Magic:  2/4        EV: 16    Int: 13    God:    Uskayaw [*.....]
Gold:   84         SH:  0    Dex: 18    Spells: 2/2 levels left
                                        Lives:  0   Deaths: 0

rFire   . . .      SeeInvis +     - Unarmed
rCold   . . .      Faith    .   (shield unavailable)
rNeg    . . .      Spirit   .   (armour unavailable)
rPois   .          Reflect  .   (helmet unavailable)
rElec   .          Harm     .   (cloak unavailable)
rCorr   .          Rampage  .   (gloves unavailable)
Will    .....                   (boots unavailable)
Stlth   ++........              (no amulet)
HPRegen 0.05/turn               (ring currently unavailable)
MPRegen 0.09/turn               (ring currently unavailable)

@: pig-form (expiring), weak-willed, very quick
A: fast, no casting, small, (claws 1), (fangs 3), see invisible, (speed 1),
(shaggy fur 1), (stealthy paws), no weapons or thrown items, no armour,
multi-lived
a: Renounce Religion, Stomp


You were on level 3 of the Dungeon.
You worshipped Uskayaw.
Uskayaw was noncommittal.
You were a filthy swine.
You visited 1 branch of the dungeon, and saw 3 of its levels.

You collected 84 gold pieces.

Inventory:

Jewellery
 d - a +4 ring of protection (melded)
 f - a ring of willpower
Scrolls
 a - 2 scrolls of fear
Potions
 b - 2 potions of curing {unknown}
 e - a potion of cancellation {unknown}


   Skills:
 + Level 3.3 Fighting
 + Level 4.4 Dodging
 + Level 3.1 Stealth
 + Level 3.6 Unarmed Combat


You had 2 spell levels left.
You didn't know any spells.
Your spell library contained the following spells:

 Spells                   Type           Power      Damage    Failure   Level
 Ensorcelled Hibernation  Hex/Ice        0%         N/A       43%         2
 Spider Form              Tmut/Pois      0%         N/A       67%         3
 Anguish                  Hex/Necr       0%         N/A       97%         4


Dungeon Overview and Level Annotations

Branches:
Dungeon (3/15)

Altars:
Elyvilon
Uskayaw

Annotations:
D:3 Ijyb


Innate Abilities, Weirdness & Mutations

You are a filthy swine.
You move quickly.
You cannot cast spells.
((You have sharp claws.))
((You have razor-sharp teeth.))
You have supernaturally acute eyesight. (SInv)
((You cover ground quickly. (Speed+)))
((You are covered in fur. (AC +1)))
((Your paws help you pounce on unaware monsters.))
You are incapable of wielding weapons or throwing items.
You cannot wear armour.
You gain extra lives every three experience levels.


Message History

You hit Ijyb.
Ijyb is lightly wounded.
Ijyb barely misses you.
You can now pass through a line of other dancers.
You closely miss Ijyb.
Ijyb is lightly wounded.
Ijyb hits you with a +5 club.
You closely miss Ijyb.
Ijyb is lightly wounded.
Ijyb hits you with a +5 club.
You don't know any spells.
You stomp with the beat, sending a shockwave through the revellers around you!
Ijyb is moderately wounded.
You can no longer pass through a line of other dancers.
Ijyb closely misses you.
You barely miss Ijyb.
Ijyb is moderately wounded.
You don't know any spells.
Okay, then.
You hit Ijyb but do no damage.
Ijyb is moderately wounded.
Ijyb hits you with a +5 club.
* * * LOW HITPOINT WARNING * * *
You start resting.
Ijyb is nearby!
You are too injured to fight recklessly!
Okay, then.
Your transformation is almost over.
Ijyb barely misses you.
You hit Ijyb but do no damage.
Ijyb is moderately wounded.
Ijyb screams, "Me stronger than you!" Ijyb barely misses you.
You hit Ijyb but do no damage.
Ijyb is moderately wounded.
Ijyb barely misses you.
You closely miss Ijyb.
Ijyb is moderately wounded.
Ijyb hits you with a +5 club.
You die...

#.#. ..# ... ## #
####.# #.#.# #.#
##.##.# #....##
#.###.#.#.###.......
#.##h###..........$.
..#g## ##........#
#.##.###g#####...#
#.###.#.## ### #.#
##.## ####.####.#
#.......#.#
#.##.##.#.#
#.##.##.#.#


You could see Ijyb.

Vanquished Creatures
  2 worms (D:2)
  A dart slug (D:3)
  5 ball pythons
  An endoplasm (D:1)
  2 giant cockroaches (D:1)
  2 goblins (D:1)
  2 hobgoblins (D:1)
  2 quokkas
  5 bats
  2 frilled lizards
  4 kobolds
  2 rats
30 creatures vanquished.

Notes
Turn   | Place    | Note
-------+----------+-------------------------------------------
     0 | D:1      | hawla the Felid Monk began the quest for the Orb.
     0 | D:1      | Reached XP level 1. HP: 10/10 MP: 2/2
   400 | D:1      | Reached XP level 2. HP: 10/14 MP: 3/3
   973 | D:1      | Found a faded altar of an unknown god.
  1207 | D:1      | Prayed at the altar of an unknown god.
  1207 | D:1      | Became a worshipper of Uskayaw the Reveller
  1207 | D:1      | Reached * piety under Uskayaw
  1207 | D:1      | Reached ** piety under Uskayaw
  1515 | D:2      | Reached *** piety under Uskayaw
  1616 | D:2      | Reached XP level 3. HP: 17/17 MP: 4/4
  1741 | D:2      | Found a white marble altar of Elyvilon.
  2164 | D:3      | Noticed Ijyb
  2195 | D:3      | Slain by Ijyb

Illustrated notes

Levels and vault maps discovered:
D:1:      dpeg_arrival_refuge, layout_loops_ring,
          hellmonk_ecumenical_altar_heavens_door
D:2:      layout_rooms, basic_altar, kennysheep_generic_room_10
D:3:      layout_loops_ring, mainiacjoe_overflow_tiny_flanked,
          mainiacjoe_overflow_chevrons, nicolae_figureground_pulse, uniq_ijyb

Skill      XL: |  1  2 |
---------------+-------+-----
Stealth        | 3 |  3.1
Fighting       | |  3.3
Dodging        | |  4.4
Unarmed Combat | |  3.6

Action                   || total
-------------------------++-------
Melee: Unarmed           ||    87
       Bite              ||    10
       Punch             ||     5
Invok: Stomp             ||     2
  Use: Scroll            ||     5
 Stab: Sleeping          ||     5
Armor: Skin              ||     9
Dodge: Dodged            ||    55
